 Dungeon Crawl Stone Soup version 0.29.1-13-g9f3cf754e1 (webtiles) character file.

Game seed: 6614800732828851031

4 Thatpatchoflichen the Ruffian (level 1, -3/19 HPs)
             Began as a Ghoul Monk on Jan 19, 2023.
             Slain by a kobold
             ... wielding a +0 club
              (4 damage)
             ... on level 1 of the Dungeon.
             The game lasted 00:00:26 (36 turns).

Thatpatchoflichen the Ruffian (Ghoul Monk)            Turns: 36, Time: 00:00:27

Health: -3/19      AC:  2    Str: 14    XL:     1   Next: 60%
Magic:  0/0        EV: 12    Int:  5    God:
Gold:   0          SH:  0    Dex: 11    Spells: 0/0 levels left

rFire   . . .      SeeInvis .     - Unarmed
rCold   + . .      Faith    .   (no shield)
rNeg    + + +      Spirit   .   a - +0 robe
rPois   ∞          Reflect  .   (no helmet)
rElec   .          Harm     .   (no cloak)
rCorr   .          Rampage  .   (no gloves)
Will    .....                   (no boots)
Stlth   ++........              (no amulet)
HPRegen 0.00/turn               (no ring)
MPRegen 0.07/turn               (no ring)

@: inhibited regen
A: claws 1, cold resistance 1, negative energy resistance 3, inhibited
regeneration, torment resistance 2, devour on kill
a: no special abilities


You were on level 1 of the Dungeon.
You visited 1 branch of the dungeon, and saw 1 of its levels.

Inventory:

Armour
 a - a +0 robe (worn)
Scrolls
 c - a scroll of teleportation {unknown}
Potions
 b - a potion of ambrosia


   Skills:
 + Level 3.4 Fighting
 + Level 2.7 Dodging
 - Level 2.1 Stealth
 + Level 3.4 Unarmed Combat


You couldn't memorise any spells.
You didn't know any spells.
Your spell library was empty.

Dungeon Overview and Level Annotations

Branches:
Dungeon (1/15)

Altars:


Innate Abilities, Weirdness & Mutations

You are immune to poison.
You have sharp fingernails.
Your flesh is cold resistant. (rC+)
You are immune to negative energy. (rN+++)
You do not regenerate when monsters are visible.
You are immune to unholy pain and torment.
You thrive by killing the living.


Message History

The jackal barely misses you.
You scratch the jackal.
You kill the jackal!
You feel better. The jackal barely misses you.
The endoplasm jiggles.
The endoplasm freezes you.
You are frozen.
You resist. The jackal bites you. The jackal closely misses you.
The endoplasm barely misses you. The jackal barely misses you.
The jackal bites you.
You see here a quokka corpse.
You closely miss the jackal. The jackal barely misses you.
The endoplasm closely misses you.
The jackal bites you but does no damage.
A rat comes into view.
The jackal bites you. The endoplasm freezes you.
You are frozen.
You resist. The jackal closely misses you. The jackal bites you.
* * * LOW HITPOINT WARNING * * *
The jackal attacks as you move away! The jackal barely misses you.
The endoplasm attacks as you move away! The endoplasm barely misses you.
The jackal bites you.
* * * LOW HITPOINT WARNING * * *
There is an open door here.
The endoplasm attacks as you move away! The endoplasm misses you.
The jackal attacks as you move away! The jackal bites you.
* * * LOW HITPOINT WARNING * * *
The endoplasm jiggles.
The jackal barely misses you. The jackal attacks as you move away!
The jackal barely misses you.
There is a dry fountain here.
You claw the jackal!
You kill the jackal!
You scratch the endoplasm but do no damage.
The endoplasm freezes you.
You are frozen.
You resist.
* * * LOW HITPOINT WARNING * * *
The kobold attacks as you move away! The kobold hits you with a +0 club.
You die...

!..!...........
#......†....##
###.......#..##
#.#.>........
#......###############
#####h##.............#
###.†........⌠.......
##...JK...............
#....@...⌠.........⌠..
#......................
#...⌠..........<.......
#......................
##........⌠.........⌠..
##...⌠................
###..........⌠.......
#####.............#
###############


You could see an endoplasm, a jackal and a kobold.

Vanquished Creatures
  2 jackals (D:1)
  A quokka (D:1)
3 creatures vanquished.

Notes
Turn   | Place    | Note
-------+----------+-------------------------------------------
     0 | D:1      | Thatpatchoflichen the Ghoul Monk began the quest for the
                  | Orb.
     0 | D:1      | Reached XP level 1. HP: 19/19 MP: 0/0
    36 | D:1      | Slain by a kobold

Illustrated notes

Levels and vault maps discovered:
D:1:      dpeg_arrival_water_temple_mockup, layout_basic,
          shapermc_ecumenical_altar_venn

Action                   || total
-------------------------++-------
Melee: Unarmed           ||    12
Armor: Robe              ||     2
Dodge: Dodged            ||    19
